 Dungeon Crawl Stone Soup version 0.30-a0-930-gb9d0489357 (webtiles) character file.

Game seed: 3847653298481912139

198976 bande the Severer (level 18, -11/116 HPs)
             Began as a Gargoyle Fighter on Mar 23, 2023.
             Was the Champion of Okawaru.
             Killed from afar by a merfolk aquamancer (30 damage)
             ... with a ball of steam
             ... on level 4 of the Shoals.
             The game lasted 01:15:20 (31242 turns).

bande the Severer (Gargoyle Fighter)               Turns: 31242, Time: 01:15:20

Health: -11/116    AC: 43    Str: 28    XL:     18   Next: 46%
Magic:  37/37      EV: 12    Int: 12    God:    Okawaru [******]
Gold:   3821       SH: 18    Dex: 15    Spells: 17/17 levels left

rFire   . . .      SeeInvis .    W - +5 broad axe (venom)
rCold   + + +      Faith    .    R - +0 kite shield {reflect}
rNeg    + . .      Spirit   .    h - +9 plate armour of Noigrig {MP+9 Slay+2}
rPois   ∞          Reflect  +    H - +0 hat "Unkiff" {Contam rC+++ Regen+ Slay+3}
rElec   +          Rampage  .    S - -1 cloak of the Onion {Regen+ Str+3}
rCorr   .                        J - +0 pair of gloves
Will    .....                    c - +1 pair of boots Stlth
                                 N - amulet of reflection
HPRegen 1.99/turn                e - +5 ring of evasion
MPRegen 0.25/turn                d - +6 ring of strength

@: lit by a corona, about to teleport, weak-willed, flying, glowing, studying 2
skills
A: sickness immunity, AC +13, big wings, negative energy resistance 1,
electricity resistance, torment resistance 1, petrification resistance
}: 1/15 runes: gossamer
a: Renounce Religion, Heroism, Finesse, Duel


You were on level 4 of the Shoals.
You worshipped Okawaru.
Okawaru was exalted by your worship.
You visited 6 branches of the dungeon, and saw 31 of its levels.
You also visited: Gauntlet, Ice Cave and Volcano.

You collected 4891 gold pieces.
You spent 1070 gold pieces at shops.

Inventory:

Hand Weapons
 r - a +3 broad axe of venom
 I - a +1 war axe of flaming
 W - a +5 broad axe of venom (weapon)
Missiles
 A - 5 throwing nets (quivered)
Armour
 c - a +1 pair of boots (worn)
 g - a +2 plate armour of fire resistance
 h - the +9 plate armour of Noigrig (worn) {MP+9 Slay+2}
   (You found it on level 5 of the Dungeon)

   Slay:      It affects your accuracy & damage with ranged weapons and melee
   (+2).
   MP:        It affects your magic capacity (+9).
 B - a +0 crystal plate armour of cold resistance
 H - the +0 hat "Unkiff" (worn) {Contam rC+++ Regen+ Slay+3}
   (You acquired it on level 4 of the Lair of Beasts)

   Slay:      It affects your accuracy & damage with ranged weapons and melee
   (+3).
   rC:        It renders you almost immune to cold.
   Contam:    It causes magical contamination when unequipped.
   Regen:     It increases your rate of health regeneration.
 J - a +0 pair of gloves (worn)
 R - a +0 kite shield of reflection (worn)
 S - the -1 cloak of the Onion (worn) {Regen+ Str+3}
   (You found it in a Gauntlet)

   Str:       It affects your strength (+3).
   Regen:     It increases your rate of health regeneration.
 Z - a +0 cloak of willpower
Jewellery
 d - a +6 ring of strength (right hand)
 e - a +5 ring of evasion (left hand)
 s - the amulet "Ysegal" {Drain Will+ Regen+ Stlth+}
   (You found it in an ice cave)

   [amulet of regeneration]

   Regen:     It increases your rate of health regeneration.
   Drain:     It drains your maximum health when unequipped.
   Will:      It increases your willpower.
   Stlth:     It makes you more stealthy.
 t - the amulet of Symmetry {Acrobat +Blink Dex+3 Stlth-}
   (You found it on level 7 of the Dungeon)

   [amulet of the acrobat]

   It increases your evasion while moving and waiting.
   Dex:       It affects your dexterity (+3).
   +Blink:    It lets you blink.
   Stlth:     It makes you less stealthy.
 y - a ring of protection from cold
 N - an amulet of reflection (around neck)
Wands
 p - a wand of mindburst (28)
 v - a wand of iceblast (54)
 w - a wand of digging (5)
 C - a wand of paralysis (10)
 L - a wand of flame (69)
 O - a wand of polymorph (4)
 X - a wand of quicksilver (9)
Scrolls
 b - a scroll of magic mapping
 k - 5 scrolls of fog
 l - 2 scrolls of teleportation
 n - 5 scrolls of fear
 x - a scroll of blinking
 D - 5 scrolls of amnesia
 E - 3 scrolls of enchant weapon
 F - 14 scrolls of identify
 Q - 4 scrolls of poison
 U - 3 scrolls of enchant armour
 V - a scroll of silence
Potions
 a - 3 potions of brilliance
 f - 3 potions of invisibility
 i - 18 potions of curing
 m - a potion of resistance
 o - 3 potions of cancellation
 q - 6 potions of mutation
 u - 5 potions of heal wounds
 z - 4 potions of flight
 K - 5 potions of haste
 M - 2 potions of might
 P - 3 potions of berserk rage
 T - 2 potions of magic
 Y - 4 potions of ambrosia


   Skills:
 + Level 14.0 Fighting
 + Level 18.5 Axes
 + Level 13.1 Armour
 + Level 15.1 Shields
 * Level 14.2 Invocations
 * Level 12.2 Evocations


You had 17 spell levels left.
You didn't know any spells.
Your spell library contained the following spells:

 Spells                   Type           Power      Damage    Failure   Level
 Kiss of Death            Conj/Necr      0%         2d5       98%         1
 Sandblast                Erth           0%         2d4       98%         1
 Blink                    Tloc           0%         N/A       99%         2
 Lesser Beckoning         Tloc           0%         N/A       99%         2
 Momentum Strike          Conj/Tloc      0%         3d8       99%         2
 Passwall                 Tmut/Erth      0%         N/A       99%         2
 Poisonous Vapours        Pois/Air       0%         N/A       99%         2
 Wereblood                Tmut           0%         N/A       99%         2
 Confusing Touch          Hex            0%         N/A       100%        3
 Dazzling Flash           Conj/Hex       0%         N/A       100%        3
 Gell's Gravitas          Tloc           0%         N/A       100%        3
 Inner Flame              Hex/Fire       0%         N/A       100%        3
 Kindle Blastsparks       Fire/Tloc/Air  0%         2d10      100%        3
 Mephitic Cloud           Conj/Pois/Air  0%         N/A       100%        3
 Stone Arrow              Conj/Erth      0%         3d7       100%        3
 Teleport Other           Tloc           0%         N/A       100%        3
 Vampiric Draining        Necr           0%         2d6       100%        3
 Dispel Undead            Necr           0%         3d6       100%        4
 Fulminant Prism          Conj/Hex       0%         3d5       100%        4
 Iskenderun's Mystic Bla  Conj/Tloc      0%         2d3       100%        4
 Leda's Liquefaction      Hex/Erth       0%         N/A       100%        4
 Borgnjor's Vile Clutch   Necr/Erth      0%         N/A       100%        5
 Fireball                 Conj/Fire      0%         3d3       100%        5
 Irradiate                Conj/Tmut      0%         3d11      100%        5
 Iskenderun's Battlesphe  Conj           0%         2d6       100%        5
 Lee's Rapid Deconstruct  Erth           0%         3d4*      100%        5
 Metabolic Englaciation   Hex/Ice        0%         N/A       100%        5
 Conjure Ball Lightning   Conj/Air       0%         3x3d6     100%        6
 Dispersal                Tloc           0%         N/A       100%        6
 Iron Shot                Conj/Erth      0%         9d1       100%        6
 Starburst                Conj/Fire      0%         6d3       100%        6
 Orb of Destruction       Conj           0%         9d5       100%        7
 Cigotuvi's Dreadful Rot  Necr/Pois/Air  Unusable   N/A       N/A         2
 Sublimation of Blood     Necr           Unusable   N/A       N/A         2
 Summon Guardian Golem    Hex/Summ       Unusable   N/A       N/A         3
 Animate Dead             Necr           Unusable   N/A       N/A         4
 Death Channel            Necr           Unusable   N/A       N/A         6
 Simulacrum               Ice/Necr       Unusable   N/A       N/A         6
 Spellforged Servitor     Conj/Summ      Unusable   N/A       N/A         7
 Summon Hydra             Summ           Unusable   N/A       N/A         7

Dungeon Overview and Level Annotations

Branches:
Dungeon (15/15)            Temple (1/1) D:6            Lair (5/5) D:8
 Shoals (4/4) Lair:3       Spider (4/4) Lair:2        Slime (0/5) Lair:4
    Orc (2/2) D:9             Elf (0/3) Orc:2        Vaults (0/5) D:13
 Depths (0/4) D:15          IceCv (visited)         Volcano (visited)
Gauntlet (visited)

Altars:
Elyvilon
Gozag
Kikubaaqudgha
Makhleb
Nemelex Xobeh
Okawaru
Qazlal
Ru
Sif Muna
Uskayaw
Vehumet
Wu Jian
Xom
Zin
The Shining One
Jiyva

Shops:
D:3 !   D:10 [   Orc:2 (:[(   Shoals:1 :=   Shoals:3 [

Annotations:
D:4 2 transporters, Rudyous's ghost, amateur GnFE
D:12 3 runed translucent doors, BrainTurd's ghost, journeyman AtMo
Shoals:4 Ilsuiw


Innate Abilities, Weirdness & Mutations

You are immune to sickness and miasma.
Your stone body is resilient. (AC +13)
You are immune to poison.
Your large and strong wings let you fly.
You resist negative energy. (rN+)
You are resistant to electric shocks. (rElec)
You are resistant to unholy torment.
You are immune to petrification.


Message History

* * * LOW HITPOINT WARNING * * *
The merfolk javelineer throws a javelin.
The javelin pierces through you but does no damage.
The javelin pierces through the faun!
The javelin barely misses the satyr.
You block the merfolk impaler's attack. x2
Unknown command.
The faun shoots a sling bullet.
You reflect the sling bullet off your +0 kite shield of reflection!
The sling bullet hits the faun!
The faun shoots a sling bullet.
The sling bullet barely misses you.
The faun shoots a sling bullet.
The sling bullet closely misses you.
The satyr plays a rousing melody on his pipes!
The fauns go into a battle-frenzy!
The merfolk impaler barely misses you.
The merfolk javelineer throws a javelin.
The javelin pierces through you but does no damage.
The merfolk impaler hits you but does no damage.
The merfolk aquamancer gestures wildly while chanting.
The merfolk aquamancer blinks!
You block the merfolk impaler's attack.
As you read the scroll of teleportation, it crumbles to dust.
You feel strangely unstable.
The satyr shoots an arrow.
The arrow hits you but does no damage.
The faun shoots a sling bullet.
You reflect the sling bullet off your +0 kite shield of reflection!
The sling bullet completely misses the water nymph.
The sling bullet hits the faun!
The faun shoots a sling bullet.
You reflect the sling bullet off your +0 kite shield of reflection!
The sling bullet hits the faun!
You kill the faun!
Okawaru accepts your kill.
The faun shoots a sling bullet.
The sling bullet completely misses you.
The sling bullet hits the merfolk impaler!!
The merfolk javelineer throws a javelin.
The javelin pierces through you!
* * * LOW HITPOINT WARNING * * *
You block Ilsuiw's attack.
The merfolk impaler hits you with a +0 demon trident of draining.
* * * LOW HITPOINT WARNING * * *
The merfolk aquamancer points at you and mumbles some strange words.
The ball of steam hits you!!
You die...

..≈#≈# ..~~~ ..... ..≈#≈≈≈
..[~~~ ..... ..#≈≈≈≈ .~....
..... $.≈≈≈≈≈ ~~.... #####
..#≈≈≈≈ #~~.... #
..≈#≈≈≈#≈~....=
~~..≈#m#mmc.....
~~......mmc..$..
~~~....m@.)c....
≈~~~~~.......c....
PPP~~..............
~~~...........~....#
~~~P~..........~~...# #
≈~~P..P###.##.~~~....#######
≈~~P..P##P.##..~............
~~~P.....)....~.............
≈~~....).)..................


You could see Ilsuiw, 2 merfolk impalers, a merfolk javelineer, a satyr, a
merfolk aquamancer, 3 fauns and a water nymph.

Vanquished Creatures
  Mara (Spider:3)
  Mlioglotl (Shoals:1)
  Asterion (Spider:4)
  A kraken (Shoals:1)
  2 azure jellies (IceCv)
  Donald (Shoals:1)
  2 emperor scorpions
  4 ghost moths
  An orc warlord (Orc:2)
  4 broodmothers
  An ironbound preserver (D:13)
  2 quicksilver oozes (IceCv)
  A stone giant (D:15)
  Azrael (D:12)
  A minotaur (Gauntlet)
  A red draconian (Volcano)
  2 spark wasps (Spider:4)
  4 merfolk impalers
  4 merfolk javelineers (Shoals:4)
  2 entropy weavers (Spider:1)
  5 hydras
  An ice dragon (Lair:1)
  A ghost crab (Gauntlet)
  A radroach (Spider:3)
  12 two-headed ogres
  A death knight (D:14)
  2 merfolk aquamancers
  3 catoblepae
  A dancing weapon (D:9)
  2 merfolk avatars
  A satyr (Shoals:1)
  A boulder beetle (Lair:4)
  The ghost of lotum the Blocker, a novice FoFi of Nemelex Xobeh (D:9)
  5 centaur warriors
  A tengu warrior (D:15)
  7 death yaks
  An orc high priest (Orc:2)
  Urug (Orc:1)
  A soul eater (Gauntlet)
  5 skysharks
  Amaemon (Lair:1)
  Nergalle (Orc:1)
  A fire crab (Lair:4)
  A salamander mystic (Volcano)
  5 pharaoh ants
  7 sea snakes
  6 orb spiders
  6 steelbarb worms
  18 harpies
  2 orc knights (Orc:2)
  A deep elf pyromancer (D:15)
  4 ugly things
  An orc sorcerer (Orc:2)
  6 elephants
  22 fauns
  9 cyclopes
  13 manticores
  6 salamanders (Volcano)
  13 wolf spiders
  4 moths of wrath
  4 demonic crawlers
  2 ice statues (IceCv)
  2 water nymphs (Shoals:3)
  7 black mambas
  6 merfolk sirens (Shoals:1)
  Maurice (Orc:1)
  6 gargoyles
  4 torpor snails
  An orange demon (Lair:1)
  An efreet (D:13)
  An unseen horror (D:11)
  13 cane toads
  4 yaktaurs (D:15)
  An unseen horror (shapeshifter) (D:15)
  4 rime drakes
  An anaconda simulacrum (Lair:1)
  A tengu conjurer (D:15)
  A freezing wraith (D:14)
  12 komodo dragons
  A minotaur zombie (Gauntlet)
  21 merfolk
  9 wind drakes
  9 polar bears
  13 hornets
  9 trolls
  29 tarantellas
  8 blink frogs
  4 dream sheep (Shoals:3)
  27 jumping spiders
  3 snapping turtles
  16 slime creatures
  16 culicivoras
  2 wraiths (D:11)
  16 water elementals
  A vampire (D:13)
  5 wyverns
  32 yaks
  2 fire elementals (D:12)
  45 redbacks
  3 basilisks
  3 steam dragons (Lair:5)
  A death yak simulacrum (Lair:1)
  5 wargs
  3 hell hounds (D:12)
  3 acid dragons
  11 water moccasins
  Duvessa (D:4)
  28 orc warriors
  4 great orb of eyes simulacra (IceCv)
  A sky beast (D:8)
  2 ice beasts
  24 wolves
  6 ogres
  7 centaurs
  6 slime creature simulacra (IceCv)
  2 phantoms
  2 gnoll sergeants
  5 kobold brigands
  4 scorpions
  10 bullfrogs
  4 glowing shapeshifter simulacra (IceCv)
  An entropy weaver simulacrum (Lair:1)
  3 wights (D:5)
  Dowan (D:4)
  3 killer bees (D:6)
  3 howler monkeys
  An electric eel (Lair:4)
  25 orc priests
  A hound (D:6)
  A sleepcap (D:7)
  2 iguanas
  25 orc wizards
  Natasha (thrice) (D:2)
  7 hell rats (Lair:5)
  A polar bear simulacrum (Lair:1)
  A shapeshifter simulacrum (IceCv)
  4 gnolls (D:10)
  8 adders
  2 shadow imps (Gauntlet)
  2 white imps
  An ufetubus (D:5)
  A worm (D:5)
  6 dart slugs
  99 orcs
  6 ball pythons
  10 endoplasms
  A giant cockroach (D:1)
  11 goblins
  7 hobgoblins
  8 jackals
  4 quokkas
  4 bats
  3 frilled lizards
  25 kobolds
  5 rats
  A starspawn tentacle (Shoals:1)
  2 tentacles (Shoals:1)
980 creatures vanquished.

Vanquished Creatures (others)
  A merfolk javelineer (Shoals:4)
  A harpy (Shoals:4)
  A wolf spider (Spider:2)
  A water nymph (Shoals:4)
  A bush (Lair:5)
  31 fungi
  92 plants
  2 starspawn tentacles (Shoals:1)
  5 tentacles (Shoals:1)
135 creatures vanquished.

Grand Total: 1115 creatures vanquished

Notes
Turn   | Place    | Note
-------+----------+-------------------------------------------
     0 | D:1      | bande the Gargoyle Fighter began the quest for the Orb.
     0 | D:1      | Reached XP level 1. HP: 14/14 MP: 1/1
    69 | D:1      | Reached XP level 2. HP: 13/19 MP: 2/2
   265 | D:1      | Reached skill level 2 in Axes
   490 | D:1      | Found a faded altar of an unknown god.
   511 | D:1      | Reached XP level 3. HP: 21/23 MP: 3/3
   848 | D:2      | You fall into a shaft and drop 1 floor!
   934 | D:3      | Found Ubaer's Distillery.
  1088 | D:3      | Reached XP level 4. HP: 29/29 MP: 4/4
  1191 | D:2      | Reached skill level 3 in Axes
  1256 | D:2      | Noticed Natasha
  1266 | D:2      | Killed Natasha
  1332 | D:2      | Noticed Natasha
  1338 | D:2      | Killed Natasha
  1339 | D:2      | Reached XP level 5. HP: 33/33 MP: 5/5
  1392 | D:2      | Noticed Natasha
  1406 | D:2      | Killed Natasha
  1613 | D:3      | Found a sparkling altar of Nemelex Xobeh.
  1688 | D:3      | Identified the +4 dagger of Qutos {heavy, *Noise Fly rF+
                  | Stlth+}
  1976 | D:3      | Reached skill level 4 in Axes
  1976 | D:3      | Reached XP level 6. HP: 36/38 MP: 6/6
  2366 | D:4      | Noticed Dowan
  2367 | D:4      | Noticed Duvessa
  2387 | D:4      | Killed Duvessa
  2388 | D:4      | Reached skill level 5 in Axes
  2388 | D:4      | Reached XP level 7. HP: 29/43 MP: 7/7
  2399 | D:4      | Killed Dowan
  2593 | D:4      | Found a transporter.
  2749 | D:4      | Noticed Rudyous's ghost (amateur GnFE)
  2761 | D:4      | Found a transporter.
  3272 | D:5      | Entered Level 5 of the Dungeon
  3371 | D:5      | Reached skill level 5 in Armour
  3533 | D:5      | Reached skill level 6 in Axes
  3533 | D:5      | Reached skill level 1 in Evocations
  3669 | D:5      | Reached XP level 8. HP: 48/48 MP: 8/8
  3746 | D:5      | Identified the +9 plate armour of Noigrig {MP+9 Slay+2}
  4137 | D:6      | Reached skill level 5 in Fighting
  4370 | D:6      | Found a staircase to the Ecumenical Temple.
  4380 | Temple   | Entered the Ecumenical Temple
  4413 | Temple   | Became a worshipper of Warmaster Okawaru
  4520 | D:6      | Found an ornate altar of the Wu Jian Council.
  4674 | D:6      | Reached skill level 1 in Invocations
  5006 | D:6      | Reached skill level 7 in Axes
  5006 | D:6      | Reached skill level 5 in Shields
  5235 | D:6      | Reached * piety under Okawaru
  5236 | D:6      | Reached XP level 9. HP: 54/54 MP: 10/10
  5921 | D:7      | Reached skill level 8 in Axes
  5975 | D:7      | Reached ** piety under Okawaru
  6000 | D:7      | Identified the amulet of Symmetry {Acrobat +Blink Dex+3
                  | Stlth-}
  6516 | D:8      | Noticed a two-headed ogre
  6521 | D:8      | Killed a two-headed ogre
  6522 | D:8      | Reached XP level 10. HP: 60/60 MP: 13/13
  6730 | D:8      | Got the Elucidation of Changes and Execration
  6768 | D:8      | Noticed a two-headed ogre
  6780 | D:8      | Killed a two-headed ogre
  6780 | D:8      | Reached *** piety under Okawaru
  6781 | D:8      | Reached skill level 9 in Axes
  7642 | D:8      | Found a staircase to the Lair.
  7651 | Lair:1   | Entered Level 1 of the Lair of Beasts
  7787 | Lair:1   | Noticed a cane toad
  7800 | Lair:1   | Killed a cane toad
  7801 | Lair:1   | Reached skill level 5 in Invocations
  7984 | Lair:1   | Noticed a black mamba
  7994 | Lair:1   | Killed a black mamba
  7994 | Lair:1   | Reached **** piety under Okawaru
  8147 | Lair:1   | Reached skill level 5 in Evocations
  8185 | Lair:1   | Noticed a death yak
  8185 | Lair:1   | Noticed a death yak
  8187 | Lair:1   | Noticed a death yak
  8187 | Lair:1   | Noticed a death yak
  8190 | Lair:1   | Noticed a death yak
  8190 | Lair:1   | Noticed a death yak
  8205 | Lair:1   | Killed a death yak
  8206 | Lair:1   | Reached XP level 11. HP: 48/66 MP: 15/15
  8214 | Lair:1   | Killed a death yak
  8214 | Lair:1   | Reached ***** piety under Okawaru
  8215 | Lair:1   | Reached skill level 10 in Axes
  8219 | Lair:1   | Killed a death yak
  8226 | Lair:1   | Killed a death yak
  8230 | Lair:1   | Killed a death yak
  8233 | Lair:1   | Killed a death yak
  8233 | Lair:1   | Identified the +7 executioner's axe of Riewinn {heavy,
                  | Will+ rCorr} (Okawaru gifted it to you on level 1 of the
                  | Lair of Beasts)
  8233 | Lair:1   | Received a gift from Okawaru
  8841 | Lair:1   | Noticed an ice dragon
  8868 | Lair:1   | Killed an ice dragon
  9297 | Lair:1   | Reached skill level 11 in Axes
  9830 | Lair:2   | Noticed Amaemon
  9837 | Lair:1   | Received a gift from Okawaru
  9837 | Lair:1   | Paralysed by Amaemon for 3 turns
  9838 | Lair:1   | Reached XP level 12. HP: 73/73 MP: 17/17
  9849 | Lair:1   | Killed Amaemon
 10328 | Lair:2   | Found a hole to the Spider Nest.
 10595 | Lair:2   | Noticed a death yak
 10612 | Lair:2   | Killed a death yak
 10928 | Lair:3   | Noticed a catoblepas
 10943 | Lair:3   | Killed a catoblepas
 11250 | Lair:3   | Reached ****** piety under Okawaru
 11306 | Lair:3   | Found a staircase to the Shoals.
 11326 | Lair:3   | Received a gift from Okawaru
 11513 | Lair:3   | Reached skill level 12 in Axes
 12078 | Lair:4   | Identified 3 scrolls of acquirement
 12078 | Lair:4   | Acquired 1099 gold pieces
 12104 | Lair:4   | Acquired the +0 hat "Unkiff" {Contam rC+++ Regen+ Slay+3}
 12113 | Lair:4   | Acquired 933 gold pieces
 12165 | Lair:4   | Reached XP level 13. HP: 62/80 MP: 19/19
 12274 | Lair:4   | Found a viscous altar of Jiyva.
 12274 | Lair:4   | Found a staircase to the Slime Pits.
 12329 | Lair:4   | Received a gift from Okawaru
 13001 | Lair:5   | Entered Level 5 of the Lair of Beasts
 13034 | Lair:5   | Received a gift from Okawaru
 13081 | Lair:5   | Found a dark tunnel.
 13089 | Volcano  | Entered a volcano
 13140 | Volcano  | Found a burning altar of Makhleb.
 13179 | Volcano  | Reached skill level 13 in Axes
 13238 | Volcano  | Noticed a red draconian
 13346 | Volcano  | Killed a red draconian
 13347 | Volcano  | Reached skill level 10 in Shields
 13742 | Lair:5   | Gained mutation: Your large and strong wings let you fly.
                  | [Gargoyle growth]
 13742 | Lair:5   | Reached XP level 14. HP: 78/87 MP: 21/21
 13858 | Lair:5   | Identified the +2 robe "Legod" {rElec rC+ Str+4 Int-5}
                  | (Okawaru gifted it to you on level 5 of the Lair of Beasts)
 13858 | Lair:5   | Received a gift from Okawaru
 13891 | Lair:5   | Reached skill level 10 in Invocations
 13969 | Lair:5   | Reached skill level 10 in Fighting
 14220 | Lair:5   | Reached skill level 14 in Axes
 14275 | Lair:5   | Found the +2 cloak of the Thief {*Fog Slay-2 SInv Stlth+}
 15010 | D:9      | Found a glowing silver altar of Zin.
 15317 | D:9      | Found a runed translucent door.
 15317 | D:9      | Found a shimmering altar of Xom.
 15317 | D:9      | Noticed lotum's ghost (novice FoFi)
 15365 | D:9      | Found a stormy altar of Qazlal.
 15468 | D:9      | Found a staircase to the Orcish Mines.
 15827 | D:10     | Entered Level 10 of the Dungeon
 15924 | D:10     | Upgraded the game from 0.30-a0-924-g0ad0bf95bc to
                  | 0.30-a0-930-gb9d0489357
 15937 | D:10     | Found Budifaf's Armour Boutique.
 15945 | D:10     | Bought a +0 kite shield of reflection for 110 gold pieces
 16060 | D:11     | Found a frozen archway.
 16070 | IceCv    | Entered an ice cave
 16342 | IceCv    | Noticed a quicksilver ooze
 16350 | IceCv    | Noticed a quicksilver ooze
 16351 | IceCv    | Killed a quicksilver ooze
 16355 | IceCv    | Killed a quicksilver ooze
 16355 | IceCv    | Received a gift from Okawaru
 16524 | IceCv    | Found a viscous altar of Jiyva.
 16524 | IceCv    | Noticed an azure jelly
 16535 | IceCv    | Killed an azure jelly
 16536 | IceCv    | Noticed an azure jelly
 16548 | IceCv    | Killed an azure jelly
 16549 | IceCv    | Reached skill level 15 in Axes
 16564 | IceCv    | Identified the amulet "Ysegal" {Drain Will+ Regen+ Stlth+}
 17500 | D:10     | Reached XP level 15. HP: 93/93 MP: 23/23
 17693 | D:10     | Found an ancient bone altar of Kikubaaqudgha.
 17694 | D:10     | Found a hide-covered altar of Uskayaw.
 17758 | D:10     | Received a gift from Okawaru
 18369 | D:12     | Found a gate leading to a gauntlet.
 18376 | Gauntlet | Entered a Gauntlet
 18376 | Gauntlet | Found a transporter.
 18376 | Gauntlet | Found a transporter.
 18376 | Gauntlet | Found a transporter.
 18411 | Gauntlet | Identified the +2 ring mail of Marbles {Harm Str+4}
                  | (Okawaru gifted it to you in a Gauntlet)
 18411 | Gauntlet | Received a gift from Okawaru
 18523 | Gauntlet | Found a transporter.
 18538 | Gauntlet | Found a transporter.
 18567 | Gauntlet | Found a transporter.
 18585 | Gauntlet | Found a transporter.
 18606 | Gauntlet | Identified the -1 cloak of the Onion {Regen+ Str+3}
 18710 | Gauntlet | Got the Notes on Death and the Summer
 18745 | Gauntlet | Found a transporter.
 19045 | D:12     | Noticed Azrael
 19064 | D:12     | Killed Azrael
 19406 | D:12     | Found a runed translucent gate.
 19407 | D:12     | Found a runed translucent gate.
 19407 | D:12     | Found a runed translucent gate.
 19407 | D:12     | Noticed an azure jelly
 19407 | D:12     | Noticed an azure jelly
 19407 | D:12     | Noticed an azure jelly
 19407 | D:12     | Noticed an acid blob
 19407 | D:12     | Noticed BrainTurd's ghost (journeyman AtMo)
 19407 | D:12     | Noticed an acid blob
 19407 | D:12     | Noticed an azure jelly
 19408 | D:12     | Noticed an acid blob
 19409 | D:12     | Noticed an acid blob
 19411 | D:12     | Found a viscous altar of Jiyva.
 19572 | D:13     | Reached skill level 16 in Axes
 19572 | D:13     | Reached skill level 10 in Armour
 19592 | D:13     | Found a gate to the Vaults.
 20809 | D:14     | Identified the +1 ring mail of the Accordion {rF+}
 21158 | D:14     | Reached skill level 10 in Evocations
 21277 | D:15     | Entered Level 15 of the Dungeon
 21383 | D:15     | Found a staircase to the Depths.
 21572 | D:15     | Received a gift from Okawaru
 22215 | D:9      | Killed lotum's ghost
 22307 | Orc:1    | Entered Level 1 of the Orcish Mines
 22313 | Orc:1    | Noticed Urug
 22326 | Orc:1    | Killed Urug
 22336 | Orc:1    | Noticed Maurice
 22344 | Orc:1    | Killed Maurice
 22532 | Orc:1    | Noticed Nergalle
 22540 | Orc:1    | Killed Nergalle
 22650 | Orc:2    | Entered Level 2 of the Orcish Mines
 22748 | Orc:2    | Found Susio's Book Boutique.
 22844 | Orc:2    | Found Vetapnezo's Weapon Boutique.
 22899 | Orc:2    | Bought a manual of Armour for 960 gold pieces
 23016 | Orc:2    | Reached skill level 17 in Axes
 23080 | Orc:2    | Found a staircase to the Elven Halls.
 23221 | Orc:2    | Reached XP level 16. HP: 100/100 MP: 25/25
 23379 | Orc:2    | Received a gift from Okawaru
 23756 | Orc:2    | Found Qaidaing's Antique Armour Emporium.
 23758 | Orc:2    | Found Huset's Antique Weapon Shoppe.
 24055 | Spider:1 | Entered Level 1 of the Spider Nest
 24420 | Spider:1 | Received a gift from Okawaru
 24602 | Spider:1 | Identified the +8 shortbow "Xoahos" {heavy, Drain rN+
                  | Will+++ Int+3}
 25750 | Spider:2 | Received a gift from Okawaru
 26019 | Spider:3 | Identified the +9 great mace of Deonwan {antimagic, Fly
                  | rN+++ Dex+5}
 26054 | Spider:3 | Noticed Mara
 26059 | Spider:3 | Noticed bande's illusion
 26088 | Spider:3 | Noticed bande's illusion
 26218 | Spider:3 | Killed Mara
 26620 | Spider:3 | Reached XP level 17. HP: 108/108 MP: 26/26
 26776 | Spider:4 | Entered Level 4 of the Spider Nest
 26928 | Spider:4 | Identified the +0 kite shield "Tadiluf" {rElec Slay+2}
 26928 | Spider:4 | Noticed Asterion
 26932 | Spider:4 | Noticed an Executioner
 26950 | Spider:4 | Killed Asterion
 27085 | Spider:4 | Reached skill level 18 in Axes
 27112 | Spider:4 | Received a gift from Okawaru
 27541 | Spider:4 | Got a gossamer rune of Zot
 28256 | Shoals:1 | Entered Level 1 of the Shoals
 28259 | Shoals:1 | Noticed Donald
 28277 | Shoals:1 | Killed Donald
 28329 | Shoals:1 | Identified the +5 plate armour "Caannid" {Dex+3}
 28454 | Shoals:1 | Noticed a kraken
 28466 | Shoals:1 | Killed a kraken
 28490 | Shoals:1 | Noticed Mlioglotl
 28492 | Shoals:1 | Noticed a tentacled starspawn
 28493 | Shoals:1 | Noticed an Executioner
 28509 | Shoals:1 | Killed Mlioglotl
 28557 | Shoals:1 | Received a gift from Okawaru
 28732 | Shoals:1 | Found Casiocsi's Book Emporium.
 28773 | Shoals:1 | Found Jola's Jewellery Boutique.
 29576 | Shoals:2 | Reached XP level 18. HP: 82/115 MP: 28/28
 30176 | Shoals:3 | Found Romeuroi's Antique Armour Shoppe.
 30826 | Shoals:4 | Entered Level 4 of the Shoals
 31100 | Shoals:4 | Received a gift from Okawaru
 31103 | Shoals:4 | Reached skill level 15 in Shields
 31236 | Shoals:4 | Noticed Ilsuiw
 31242 | Shoals:4 | Killed from afar by a merfolk aquamancer

Illustrated notes

Levels and vault maps discovered:
D:1:      amcnicky_arrival_abandoned_market, layout_basic,
          ebering_ecumenical_altar_webs, dreamdust_wishing_well, minivault_14
D:2:      layout_basic, uniq_natasha
D:3:      layout_basic, mainiacjoe_overflow_tiny_flanked, serial_shops,
          nicolae_shop_waterfront
D:4:      layout_loops_ring, gammafunk_ghost_stat_death, minmay_misc_feat_chi,
          wad_orctagon, uniq_duvessa
D:5:      layout_loops_ring
D:6:      layout_basic, nzn_wu_jian_council_hall, minmay_temple_entry_tees
D:7:      layout_basic, minmay_misc_feat_iff, grunt_ministairs_14
D:8:      layout_basic, lair_entry_dummy
D:9:      hellmonk_ruined_rings, layout_loops_ring, grunt_qazlal_clouds,
          zin_academy, orc_0_dummy, ebering_ghost_xom, serial_co_window_serial,
          co_window_corner_a, co_window_of_opportunity_a, co_window_paths_a,
          co_window_paths_b, co_window_paths_a, co_window_corner_cb,
          co_window_corner_ca, co_window_unsneaky_path_b, co_window_corner_b,
          co_window_unsneaky_path_a, co_window_2corner, glass_columns_a,
          glass_columns_a, glass_columns_a
D:10:     layout_irregular_city, nicolae_overflow_squiral, serial_shops, shop,
          minmay_misc_feat_ornament
D:11:     layout_basic, portal_ice_cave_entry_pillars_1
D:12:     layout_loops_cross, gammafunk_ghost_ooze, gauntlet_entry_generic,
          uniq_azrael
D:13:     layout_basic, skrybe_vaults_entry_preservation
D:14:     nicolae_cairo_tiling_large, layout_stronghold, grunt_decor_resistance
D:15:     grunt_enter_depths_giant_problem, layout_loops_cross
Temple:   nicolae_temple_elliptical
Lair:1:   dreamdust_isle_of_ice, layout_loops_ring,
          chequers_serial_rivers_small_b, infiniplex_staircase_pool_2
Lair:2:   layout_chaotic_city, spider_nest_entry_web_field,
          small_statue_intersection, lemuel_fruit_tree, serial_bayou_shore_b,
          uniq_amaemon
Lair:3:   layout_hall_layers, nicolae_shoals_entry_roost
Lair:4:   layout_loops_ring, slime_entry_1, serial_bayou, serial_bayou_shore_b,
          serial_bayou_pond_b, serial_bayou_crossing, serial_bayou_shore_a
Lair:5:   gammafunk_lair_ancient_temple, layout_misc_corridors, enter_volcano_2
Shoals:1: layout_shoals, serial_shops, shop, shop, nicolae_shoals_flooded_hall,
          uniq_mlioglotl, uniq_donald
Shoals:2: layout_shoals, nicolae_shoals_elemental_ambush
Shoals:3: layout_shoals, serial_shops, nicolae_shop_hallway_plus
Shoals:4: shoals_end_hangedman, layout_shoals, shoal_ilsuiw
Spider:1: layout_chambers
Spider:2: layout_cave_pods, hangedman_spider_tarantella_strand
Spider:3: layout_spider_delve, lemuel_hornet_nest, uniq_mara
Spider:4: grunt_spider_rune_parallel, uniq_asterion
Orc:1:    layout_diamond_mine, uniq_maurice, uniq_nergalle, uniq_urug
Orc:2:    grunt_orc_community_town_hall, layout_diamond_mine,
          grunt_orc_community_big_house_2, grunt_orc_community_big_house_2,
          grunt_orc_community_house_3, grunt_orc_community_house_3,
          grunt_orc_community_house_1, grunt_orc_community_house_1,
          grunt_orc_community_house_1, basic_altar

Skill      XL: |  1  2  3  4  5  6  7  8  9 10 11 12 13 14 15 16 17 18 |
---------------+-------------------------------------------------------+-----
Axes           | 2 3 4 5 6 7 8 9 11 12 13 15 17 18 | 18.5
Fighting       | 4 5 6 7 8 9 10 11 12 13 14 | 14.0
Armour         | 4 5 6 7 8 9 10 11 12 13 | 13.1
Shields        | 4 5 6 7 8 9 10 11 12 13 14 15 | 15.1
Evocations     | 1 2 4 5 6 7 8 9 10 11 12 | 12.2
Invocations    | 2 4 5 7 8 9 10 12 13 14 | 14.2

Action                     |  1- 3 |  4- 6 |  7- 9 | 10-12 | 13-15 | 16-18 || total
---------------------------+-------+-------+-------+-------+-------+-------++-------
  Melee: War axe           |    96 |   167 |   301 |   345 |    47 |       ||   956
         Broad axe         |       |       |       |    56 |   984 |  1160 ||  2200
 Invoke: Heroism           |       |       |       |     1 |     2 |       ||     3
    Use: Scroll            |     3 |     8 |     6 |     9 |     9 |     5 ||    40
         Potion            |       |       |     1 |     2 |     3 |     5 ||    11
   Stab: Petrified         |       |       |       |       |     1 |       ||     1
 Armour: Scale mail        |    37 |       |       |       |       |       ||    37
         Chain mail        |    28 |   119 |    64 |       |       |       ||   211
         Plate armour      |       |       |   118 |   267 |   577 |   743 ||  1705
  Dodge: Dodged            |    60 |    71 |   114 |   231 |   365 |   463 ||  1304
  Block: Buckler           |    32 |    37 |     6 |       |       |       ||    75
         Kite shield       |       |       |   132 |   279 |   804 |  1193 ||  2408
         Reflection        |       |       |       |       |    33 |    62 ||    95

Table legend: (Time is in decaauts)
 A = Elapsed time spent in this place.
 B = Non-inter-level travel time spent in this place.
 C = Inter-level travel time spent in this place.
 D = Time resting spent in this place.
 E = Time spent auto-exploring this place.
 F = Levels seen in this place.
 G = Mean time per level.
                   A        B        C        D        E       F      G
               +--------+--------+--------+--------+--------+-----+--------+
         Total |  31327 |  29713 |   1614 |   4179 |  17794 |  34 |  921.4 |
       Dungeon |  14501 |  13616 |    885 |   1417 |   9157 |  15 |  966.7 |
        Temple |     70 |     70 |      0 |      0 |     23 |   1 |   70.0 |
          Lair |   6861 |   6655 |    206 |   2096 |   2846 |   5 | 1372.2 |
        Shoals |   2898 |   2749 |    149 |     48 |   2038 |   4 |  724.5 |
   Spider Nest |   4038 |   3850 |    188 |    122 |   2655 |   4 | 1009.5 |
  Orcish Mines |   1550 |   1364 |    186 |    100 |    871 |   2 |  775.0 |
      Ice Cave |    664 |    664 |      0 |    142 |     99 |   1 |  664.0 |
       Volcano |    368 |    368 |      0 |    101 |     59 |   1 |  368.0 |
      Gauntlet |    373 |    373 |      0 |    153 |     46 |   1 |  373.0 |
               +--------+--------+--------+--------+--------+-----+--------+

Top non-repeatable levels by time:
  Lair:1: 2389 daAuts
     D:6: 1480 daAuts
     D:8: 1476 daAuts
  Lair:5: 1300 daAuts
Spider:4: 1291 daAuts
  Lair:3: 1230 daAuts
     D:9: 1207 daAuts
Spider:1: 1187 daAuts
   Orc:2: 1170 daAuts
     D:4: 1133 daAuts
    D:10: 1054 daAuts
  Lair:4: 1009 daAuts
Shoals:1: 1004 daAuts
    D:13: 973 daAuts
    D:11: 938 daAuts
